 Dungeon Crawl Stone Soup version 0.17-a0-1923-gc35365e (webtiles) character file.

2207 HungrySpirit the Carver (level 9, -5/94 HPs)
             Began as a Human Berserker on Sept 28, 2015.
             Was an Elder of Trog.
             Slain by an orc warrior
             ... wielding a +3 halberd
              (17 damage)
             ... on level 7 of the Dungeon.
             The game lasted 00:11:53 (8227 turns).

HungrySpirit the Carver (Human Berserker)           Turns: 8227, Time: 00:11:53

Health: -5/94      AC: 15    Str: 27    XL:     9   Next: 60%
Magic:  9/9        EV:  8    Int:  9    God:    Trog [****..]
Gold:   387        SH:  0    Dex: 12    Spells: 0 memorised, 8 levels left

rFire  . . .     SeeInvis .     a - +1 falchion
rCold  . . .     Clarity  .     h - +0 plate armour
rNeg   . . .     SustAt   .     (no shield)
rPois  .         Gourm    .     q - +1 helmet
rElec  .         Spirit   .     (no cloak)
rCorr  .         Warding  .     (no gloves)
rMut   .         Stasis   .     (no boots)
MR     .....                    (no amulet)
Stlth  ..........               b - ring of stealth
                                n - +2 ring of strength

@: berserking, very quick, not resistant to hostile enchantments, extremely
unstealthy
A: no striking features
a: Burn Spellbooks, Berserk, Trog's Hand, Brothers in Arms, Renounce Religion


You were on level 7 of the Dungeon.
You worshipped Trog.
Trog was greatly pleased with you.
You were not hungry.

You visited 2 branches of the dungeon, and saw 8 of its levels.

You collected 387 gold pieces.

Inventory:

Hand weapons
 a - a +1 falchion (weapon)
Armour
 h - a +0 plate armour (worn)
 q - a +1 helmet (worn)
Jewellery
 b - a ring of stealth (right hand)
 n - a +2 ring of strength (left hand)
 r - an uncursed ring of teleportation
Magical devices
 d - a wand of polymorph (10)
 w - a wand of enslavement (19)
 x - a wand of polymorph (9)
 A - a wand of confusion (20)
 C - a wand of heal wounds (2)
 D - a wand of invisibility (5)
Scrolls
 e - 3 scrolls of noise
 f - 2 scrolls of remove curse
 g - a scroll of enchant armour
 t - a scroll of fog {unknown}
 u - 3 scrolls of teleportation
 y - a scroll of magic mapping {unknown}
Potions
 i - 3 potions of brilliance {unknown}
 j - a potion of might {unknown}
 k - 2 potions of magic {unknown}
 l - a potion of agility
 m - 3 potions of degeneration {unknown}
 o - a potion of invisibility {unknown}
 p - a potion of haste
 v - a potion of mutation {unknown}
 z - a potion of curing
 B - a potion of resistance
Books
 E - a book of Maledictions

   Spells                             Type                      Level
   a - Corona                         Hexes                        1
   b - Ensorcelled Hibernation        Hexes/Ice                    2
   c - Confuse                        Hexes                        3
   d - Tukima's Dance                 Hexes                        3
   e - Dazzling Spray                 Conjuration/Hexes            3
   Trog disapproves of the use of such an item.
Comestibles
 c - 4 bread rations
 s - 3 meat rations
 F - a chunk of flesh


   Skills:
 - Level 3.0 Fighting
 * Level 10.8 Long Blades
 + Level 6.3 Armour
 - Level 2.0 Dodging


You had 8 spell levels left.
You didn't know any spells.

Dungeon Overview and Level Annotations

Branches:
Dungeon (7/15)             Temple (1/1) D:5

Altars:
Cheibriados
Nemelex Xobeh
Okawaru
Xom
Zin

Shops:
D:4 :


Message History

The orc warrior is severely wounded.
The orc warrior barely misses you.
You hit the orc warrior.
The orc warrior is severely wounded.
The orc barely misses you.
You barely miss the orc warrior.
The orc warrior is severely wounded.
The orc warrior hits you with an enchanted halberd.
* * * LOW HITPOINT WARNING * * *
You slash the orc warrior!
The orc warrior is almost dead.
An orc priest comes into view. It is wielding a whip.
You closely miss the orc warrior.
The orc warrior is almost dead.
The orc priest shouts!
The orc hits you but does no damage.
You barely miss the orc warrior.
The orc warrior is almost dead.
The orc warrior hits you with an enchanted halberd!
You die... .... ... ... .. ###.###### # oo.

.... ..
#o###..##..
#@##.....
#.##...# #(##...#
#((....##.#..
####<........##.#
#.####.......#
####.# #.......#
##....# #.......#
#.....# #.......#


You could see an orc warrior, an orc priest and an orc.

Vanquished Creatures
  Grinder (D:5)
  Prince Ribbit (D:5)
  Sigmund (D:6)
  Eustachio (D:5)
  Edmund (D:6)
  An ogre (D:6)
  A centaur (D:7)
  An ice beast (D:5)
  The ghost of graki42 the Firebug, an average DsFE (D:3)
  A giant frog (D:6)
  Blork the orc (D:5)
  A gnoll sergeant (D:6)
  2 scorpions
  A hound (D:6)
  A gnoll shaman (D:6)
  A jelly (D:6)
  A giant frog zombie (D:6)
  2 giant frog skeletons
  3 worker ants
  Jessica (D:3)
  4 orc wizards
  10 adders
  18 gnolls
  An adder zombie (D:6)
  5 worms
  2 giant geckos
  13 orcs
  2 ball pythons (D:3)
  8 bats
  4 giant cockroaches
  8 goblins
  13 hobgoblins
  12 jackals
  7 kobolds
  3 quokkas
  2 giant newts
  6 rats
142 creatures vanquished.

Notes
Turn   | Place    | Note
--------------------------------------------------------------
     0 | D:1      | HungrySpirit the Human Berserker began the quest for the Orb.
     0 | D:1      | Reached XP level 1. HP: 18/18 MP: 1/1
   280 | D:1      | Reached XP level 2. HP: 22/24 MP: 2/2
   771 | D:2      | Reached skill level 4 in Long Blades
   771 | D:2      | Reached XP level 3. HP: 22/29 MP: 3/3
  1014 | D:2      | Acquired Trog's second power
  1014 | D:2      | Reached XP level 4. HP: 3/35 MP: 4/4
  1677 | D:2      | Found a shimmering altar of Xom.
  1826 | D:2      | Found a glowing silver altar of Zin.
  1916 | D:2      | Reached skill level 5 in Long Blades
  2498 | D:2      | Reached XP level 5. HP: 23/41 MP: 5/5
  3205 | D:3      | Noticed graki42's ghost (average DsFE)
  3217 | D:3      | Killed graki42's ghost
  3217 | D:3      | Reached skill level 6 in Long Blades
  3217 | D:3      | Reached XP level 6. HP: 47/47 MP: 6/6
  3655 | D:3      | Found a faded altar to an unknown god.
  4014 | D:3      | Noticed Jessica
  4029 | D:3      | Killed Jessica
  4219 | D:3      | Reached skill level 7 in Long Blades
  4366 | D:4      | Reached XP level 7. HP: 40/52 MP: 7/7
  4457 | D:4      | Found Acasepte's Book Emporium.
  4937 | D:4      | Acquired Trog's third power
  5308 | D:5      | Entered Level 5 of the Dungeon
  5317 | D:5      | Found a staircase to the Ecumenical Temple.
  5319 | D:5      | Noticed Prince Ribbit
  5328 | Temple   | Entered the Ecumenical Temple
  5338 | D:5      | Killed Prince Ribbit
  5338 | D:5      | Reached skill level 8 in Long Blades
  5338 | D:5      | Reached XP level 8. HP: 58/58 MP: 8/8
  5385 | D:5      | Noticed Eustachio
  5413 | D:5      | Killed Eustachio
  5645 | D:5      | Noticed Grinder
  5645 | D:5      | Paralysed by Grinder for 6 turns
  5682 | D:5      | Paralysed by Grinder for 2 turns
  5695 | D:5      | Paralysed by Grinder for 4 turns
  5702 | D:5      | Killed Grinder
  5702 | D:5      | Reached skill level 9 in Long Blades
  6237 | D:5      | Noticed Blork the orc
  6249 | D:5      | Killed Blork the orc
  6606 | D:6      | Reached skill level 5 in Armour
  6664 | D:6      | Received a gift from Trog
  6673 | D:6      | Reached XP level 9. HP: 63/63 MP: 9/9
  7019 | D:6      | Found an iron altar of Okawaru.
  7034 | D:6      | Reached skill level 10 in Long Blades
  7196 | D:6      | Found a sparkling altar of Nemelex Xobeh.
  7202 | D:6      | Noticed Edmund
  7217 | D:6      | Killed Edmund
  8096 | D:6      | Noticed Sigmund
  8121 | D:6      | Killed Sigmund
  8227 | D:7      | Slain by an orc warrior

Vault maps used:
D:1:      lightli_arrival_windingriver, hex_tiny, minmay_cut_off
D:2:      kennysheep_big_flooded_room, nicolae_overflow_hidden_temple,
          nicolae_overflow_crystal_walls, minmay_misc_feat_cross, st_stairs_11
D:3:      ecumenical_altar_1, minmay_misc_feat_columns, minmay_misc_feat_plants,
          columned_hall_lemuel, uniq_jessica
D:4:      serial_shops, nicolae_shop_stone, first_bread
D:5:      minmay_temple_entry_grid, uniq_blork_the_orc, uniq_grinder,
          uniq_eustachio, uniq_prince_ribbit1
D:6:      okawaru_ov_weapons_minmay, grunt_ministairs_13,
          nemelex_xobeh_ov_fountains_minmay, uniq_edmund, uniq_sigmund
D:7:      trog_ov_bears_minmay, nicolae_dithmenos_through_a_glass_darkly,
          cheibrodos_ashenzari_chains, serial_shops, shop
Temple:   minmay_crystal_spiral_temple_12

Action                   |  1- 3 |  4- 6 |  7- 9 || total
-------------------------+-------+-------+-------++-------
Melee: Falchion          |    88 |   216 |   373 ||   677
Invok: Berserk           |     1 |     4 |     7 ||    12
       Trog's Hand       |       |       |     1 ||     1
Evoke: Wand              |       |       |     1 ||     1
  Use: Scroll            |       |     7 |     2 ||     9
       Potion            |       |       |     4 ||     4
  Eat: Chunk             |       |    15 |     8 ||    23
       Pizza             |       |     1 |     1 ||     2
       Bread ration      |       |       |     2 ||     2
